 Dungeon Crawl Stone Soup version 0.28-a0-1406-ga8dd43b1d0 (webtiles) character file.

Game seed: 3865957380680945393

861 Essalna the Shield-Bearer (level 8, 0/45 HPs)
             Began as a Gargoyle Fighter on Jan 6, 2022.
             Was a Follower of Hepliaklqana.
             Slain by a gnoll sergeant (6 damage)
             ... on level 5 of the Dungeon.
             The game lasted 00:14:18 (6270 turns).

Essalna the Shield-Bearer (Gargoyle Fighter)        Turns: 6270, Time: 00:14:18

Health: 0/45       AC: 13    Str: 20    XL:     8   Next: 2%
Magic:  17/17      EV:  5    Int: 11    God:    Hepliaklqana [*.....]
Gold:   347        SH:  0    Dex:  9    Spells: 7/7 levels left

rFire   . . .      SeeInvis .   a - +0 flail
rCold   . . .      Faith    .   c - +0 buckler
rNeg    + . .      Spirit   .   b - +0 scale mail
rPois   ∞          Reflect  .   (no helmet)
rElec   +          Harm     .   (no cloak)
rCorr   .          Rampage  .   (no gloves)
Will    .....                   (no boots)
Stlth   ..........              p - amulet of the acrobat
HPRegen 0.15/turn               m - ring of magical power
MPRegen 0.15/turn               (no ring)

@: confused, ambrosia-drunk, held
A: reduced essence, sickness immunity, AC +5, negative energy resistance 1,
electricity resistance, torment resistance 1, petrification resistance
a: Renounce Religion, Recall Ancestor, Ancestor Identity


You were on level 5 of the Dungeon.
You worshipped Hepliaklqana.
Hepliaklqana was aware of your devotion.
You visited 2 branches of the dungeon, and saw 7 of its levels.
You also visited: Sewer.

You collected 347 gold pieces.

Inventory:

Hand Weapons
 a - a +0 flail (weapon)
Armour
 b - a +0 scale mail (worn)
 c - a +0 buckler (worn)
 w - an orb of light
Magical Staves
 i - a staff of conjuration
Jewellery
 m - a ring of magical power (left hand)
 p - an amulet of the acrobat (around neck)
 t - a ring of flight
Wands
 r - a wand of digging (2)
Scrolls
 f - 5 scrolls of identify
 g - 4 scrolls of teleportation
 n - 2 scrolls of enchant armour {unknown}
 q - a scroll of fog {unknown}
 s - 2 scrolls of fear {unknown}
 u - a scroll of amnesia {unknown}
 v - a scroll of enchant weapon {unknown}
 x - 2 scrolls of immolation {unknown}
Potions
 d - 4 potions of flight
 e - a potion of cancellation
 h - a potion of ambrosia
 j - a potion of resistance {unknown}
 k - a potion of magic {unknown}
 l - 3 potions of heal wounds {unknown}
 o - 2 potions of lignification {unknown}


   Skills:
 + Level 5.7 Fighting
 + Level 4.7 Maces & Flails
 + Level 5.8 Armour
 + Level 5.8 Shields


You had 7 spell levels left.
You didn't know any spells.
Your spell library contained the following spells:

 Spells                   Type           Power      Damage    Failure   Level
 Sandblast                Erth           0%         2d4       77%         1
 Summon Small Mammal      Summ           0%         N/A       77%         1
 Passwall                 Tmut/Erth      0%         N/A       88%         2
 Call Canine Familiar     Summ           0%         N/A       98%         3
 Gell's Gravitas          Tloc           0%         N/A       98%         3
 Lesser Beckoning         Tloc           0%         N/A       98%         3
 Stone Arrow              Conj/Erth      0%         3d7       98%         3
 Summon Guardian Golem    Hex/Summ       0%         N/A       98%         3
 Teleport Other           Tloc           0%         N/A       98%         3
 Petrify                  Tmut/Erth      0%         N/A       100%        4
 Metabolic Englaciation   Hex/Ice        0%         N/A       100%        5
 Statue Form              Tmut/Erth      Unusable   N/A       N/A         6

Dungeon Overview and Level Annotations

Branches:
Dungeon (6/15)             Temple (1/1) D:4           Sewer (visited)

Altars:
Cheibriados
Elyvilon
Fedhas
Hepliaklqana
Makhleb
Okawaru
Qazlal
Trog
Vehumet
Wu Jian
Yredelemnul
The Shining One


Innate Abilities, Weirdness & Mutations

Your life essence is reduced to manifest your ancestor. (-10% HP)
You are immune to sickness and miasma.
Your stone body is resilient. (AC +5)
You are immune to poison.
You resist negative energy. (rN+)
You are resistant to electric shocks. (rElec)
You are resistant to unholy torment.
You are immune to petrification.


Message History

A gnoll sergeant is nearby!
A gnoll comes into view. It is wielding a +0 spear.
You hit the gnoll sergeant but do no damage.
Rana hits the gnoll sergeant but does no damage.
The gnoll sergeant barely misses you.
Rana closely misses the gnoll sergeant.
You sock the gnoll sergeant!
The gnoll sergeant is moderately wounded.
The gnoll sergeant hits you with a +0 spear of freezing.
The gnoll sergeant freezes you.
Rana hits the gnoll sergeant.
The gnoll sergeant hits Rana with a +0 spear of freezing.
You sock the gnoll sergeant!
The gnoll sergeant is almost dead.
A gnoll comes into view. It is wielding a +0 whip.
The gnoll hits you but does no damage.
Rana hits the gnoll sergeant but does no damage.
The gnoll sergeant hits you but does no damage.
You closely miss the gnoll sergeant.
The gnoll sergeant is almost dead.
The gnoll throws a throwing net.
The throwing net hits you.
You become entangled in the net!
The gnoll hits you but does no damage.
Rana barely misses the gnoll sergeant.
The gnoll sergeant hits you but does no damage.
You struggle against the net.
The gnoll hits you but does no damage.
Rana hits the gnoll sergeant but does no damage.
The gnoll sergeant hits you with a +0 spear of freezing.
The gnoll sergeant freezes you.
You struggle against the net.
The gnoll hits you but does no damage.
Rana barely misses the gnoll sergeant.
The gnoll sergeant hits you with a +0 spear of freezing!
* * * LOW HITPOINT WARNING * * *
The gnoll sergeant freezes you.
* * * LOW HITPOINT WARNING * * *
It was a potion of ambrosia.
You are confused.
You feel invigorated.
The gnoll hits you from afar with a +0 spear.
* * * LOW HITPOINT WARNING * * *
Rana barely misses the gnoll sergeant.
The gnoll sergeant hits you with a +0 spear of freezing.
You die...

...####.......#
#....##.##..###
...#.##.##.##
..##....##.#############
..##...###.##..........#
...........##..........#
..##..<.....#..........#
.[##............g......#
.###......#.#.gg@R.....#
..##......#.#..........#
..........#.############
#.##......#.#
)..#......#..
..........###
..........# #.#.#######
#....#


You could see the friendly Rana the ancestor, a gnoll sergeant (ally target) and
2 gnolls.

Vanquished Creatures
  A black bear (D:6)
  An ogre (D:6)
  A scorpion (D:5)
  A centaur zombie (D:5)
  3 orc priests
  A gnoll shaman (D:6)
  A jelly (D:5)
  2 hounds (D:5)
  An iguana (D:3)
  An orc wizard (D:6)
  A merfolk siren (Sewer)
  A merfolk avatar (Sewer)
  A hound skeleton (D:5)
  A howler monkey zombie (D:3)
  5 adders
  3 gnolls (D:6)
  3 river rats (Sewer)
  A white imp (D:5)
  4 worms
  3 dart slugs
  13 orcs
  12 ball pythons
  9 endoplasms
  8 giant cockroaches
  6 goblins
  6 hobgoblins
  7 jackals
  7 kobolds
  5 quokkas
  4 bats
  10 frilled lizards
  30 rats
153 creatures vanquished.

Notes
Turn   | Place    | Note
-------+----------+-------------------------------------------
     0 | D:1      | Essalna the Gargoyle Fighter began the quest for the Orb.
     0 | D:1      | Reached XP level 1. HP: 14/14 MP: 1/1
   355 | D:1      | Reached XP level 2. HP: 15/19 MP: 2/2
   425 | D:1      | Found a faded altar of an unknown god.
   735 | D:1      | Reached XP level 3. HP: 13/23 MP: 3/3
  1841 | D:3      | Found a glowing drain.
  1896 | Sewer    | Entered a sewer
  1916 | Sewer    | Reached XP level 4. HP: 29/29 MP: 4/4
  2242 | Sewer    | Reached XP level 5. HP: 29/33 MP: 5/5
  2399 | Sewer    | Noticed a malarious merfolk avatar
  2418 | Sewer    | Killed a malarious merfolk avatar
  2990 | D:3      | Reached XP level 6. HP: 26/39 MP: 6/6
  3140 | D:3      | Found a blossoming altar of Fedhas.
  3292 | D:3      | Found a burning altar of Makhleb.
  3561 | D:4      | Found a staircase to the Ecumenical Temple.
  3584 | Temple   | Entered the Ecumenical Temple
  3807 | Temple   | Became a worshipper of Hepliaklqana the Forgotten
  4556 | D:3      | Identified the +8 dagger "Emiynluz" {flame, *Corrode Will++
                  | Dex+6}
  4897 | D:5      | Entered Level 5 of the Dungeon
  5080 | D:5      | Reached skill level 5 in Armour
  5136 | D:5      | Reached skill level 5 in Fighting
  5136 | D:5      | Reached skill level 5 in Shields
  5136 | D:5      | Reached XP level 7. HP: 28/44 MP: 7/7
  6240 | D:5      | Reached * piety under Hepliaklqana
  6254 | D:5      | Reached XP level 8. HP: 29/45 MP: 8/8
  6270 | D:5      | Slain by a gnoll sergeant

Illustrated notes

Levels and vault maps discovered:
D:1:      minmay_arrival_radiant_lines, layout_rooms,
          hellmonk_ecumenical_altar_slurped_away
D:2:      layout_basic
D:3:      minmay_bubble_buster, layout_loops_cross, lightli_temple_of_fire,
          mainiacjoe_overflow_alcove_2, cheibrodos_sewer_entry_bend
D:4:      layout_loops_ring, minmay_temple_entry_offerings
D:5:      layout_rooms
D:6:      layout_rooms, serial_shops, shop, kennysheep_little_box,
          uniq_crazy_yiuf_cottage
Temple:   minmay_temple_forest_path

Skill      XL: |  1  2  3  4  5  6 |
---------------+-------------------+-----
Fighting       | 4 5 |  5.7
Armour         | 4 5 |  5.8
Shields        | 4 5 |  5.8
Maces & Flails | 3 4 |  4.7

Action                   |  1- 3 |  4- 6 |  7- 9 || total
-------------------------+-------+-------+-------++-------
Melee: Flail             |   140 |   304 |   105 ||   549
Invok: Ancestor Identity |       |       |     1 ||     1
  Use: Scroll            |     2 |       |       ||     2
       Potion            |       |     1 |     2 ||     3
Armor: Scale mail        |    82 |   169 |    78 ||   329
Dodge: Dodged            |    91 |   175 |    60 ||   326
Block: Buckler           |    35 |    73 |    28 ||   136

Table legend: (Time is in decaauts)
 A = Elapsed time spent in this place.
 B = Non-inter-level travel time spent in this place.
 C = Inter-level travel time spent in this place.
 D = Time resting spent in this place.
 E = Time spent auto-exploring this place.
 F = Levels seen in this place.
 G = Mean time per level.
                   A        B        C        D        E       F      G
               +--------+--------+--------+--------+--------+-----+--------+
         Total |   6478 |   6239 |    239 |      0 |   4825 |   8 |  809.8 |
       Dungeon |   5425 |   5245 |    180 |      0 |   4178 |   6 |  904.2 |
        Temple |    283 |    224 |     59 |      0 |    209 |   1 |  283.0 |
         Sewer |    769 |    769 |      0 |      0 |    438 |   1 |  769.0 |
               +--------+--------+--------+--------+--------+-----+--------+

Top non-repeatable levels by time:
     D:3: 1470 daAuts
     D:1: 962 daAuts
     D:2: 910 daAuts
   Sewer: 769 daAuts
     D:5: 752 daAuts
     D:4: 674 daAuts
     D:6: 655 daAuts
  Temple: 283 daAuts
